 Dungeon Crawl Stone Soup version 0.30-a0-141-g30f27751c5 (webtiles) character file.

Game seed: 5831039815633619

10293 qw the Cleaver (level 11, -5/71 HPs)
             Began as a Gargoyle Fighter on Sept 25, 2022.
             Slain by a two-headed ogre
             ... wielding a +0 giant club
              (15 damage)
             ... on level 10 of the Dungeon.
             The game lasted 00:04:35 (12083 turns).

qw the Cleaver (Gargoyle Fighter)                  Turns: 12083, Time: 00:04:35

Health: -5/71      AC: 26    Str: 24    XL:     11   Next: 59%
Magic:  0/11       EV:  7    Int:  9    God:
Gold:   645        SH:  6    Dex:  9    Spells: 10/10 levels left

rFire   . . .      SeeInvis .    Y - +2 war axe
rCold   + . .      Faith    .    g - +1 buckler {reflect}
rNeg    + . .      Spirit   +    p - +0 plate armour
rPois   inf        Reflect  +    l - +0 helmet
rElec   +          Harm     .    (no cloak)
rCorr   .          Rampage  .    b - +1 pair of gloves
Will    .....                    (no boots)
Stlth   ..........               k - amulet of guardian spirit
HPRegen 0.21/turn                e - ring of protection from cold
MPRegen 0.12/turn                (no ring)

@: about to teleport, marked
A: sickness immunity, AC +8, negative energy resistance 1, electricity
resistance, torment resistance 1, petrification resistance
a: no special abilities


You were on level 10 of the Dungeon.
You visited 1 branch of the dungeon, and saw 10 of its levels.

You collected 645 gold pieces.


Innate Abilities, Weirdness & Mutations

You are immune to sickness and miasma.
Your stone body is resilient. (AC +8)
You are immune to poison.
You resist negative energy. (rN+)
You are resistant to electric shocks. (rElec)
You are resistant to unholy torment.
You are immune to petrification.


   Skills:
 + Level 9.1 Fighting
 - Level 12.0 Axes
 - Level 2.4 Throwing
 - Level 9.2 Armour
 - Level 2.0 Dodging
 - Level 6.0 Shields


You had 10 spell levels left.
You didn't know any spells.
Your spell library was empty.

Inventory:

Hand Weapons
 q - a +0 morningstar
 Y - a +2 war axe (weapon)
Missiles
 n - 4 boomerangs (quivered)
Armour
 b - a +1 pair of gloves (worn)
 g - a +1 buckler of reflection (worn)
 h - a +0 kite shield
 l - a +0 helmet (worn)
 p - a +0 plate armour (worn)
Jewellery
 e - a ring of protection from cold (left hand)
 k - an amulet of guardian spirit (around neck)
Scrolls
 i - 4 scrolls of identify
Potions
 a - 2 potions of resistance
 c - a potion of curing
 d - 3 potions of might
 f - 4 potions of lignification
 j - a potion of mutation

Dungeon Overview and Level Annotations

Branches:
Dungeon (10/15)            Temple (0/1) D:5            Lair (0/5) D:8
    Orc (0/2) D:9

Altars:
Cheibriados
Fedhas
Kikubaaqudgha
Sif Muna
Trog
Uskayaw
Wu Jian
Yredelemnul


Message History

The vampire mosquito is lightly damaged.
The vampire mosquito closely misses you.
The vampire mosquito bites you but does no damage.
You closely miss the vampire mosquito.
The vampire mosquito is lightly damaged.
The vampire mosquito closely misses you.
The vampire mosquito bites you.
You slash the vampire mosquito!
The vampire mosquito is heavily damaged.
You block the vampire mosquito's attack.
The vampire mosquito bites you but does no damage.
You hit the vampire mosquito but do no damage.
The vampire mosquito is heavily damaged.
The vampire mosquito bites you but does no damage.
The vampire mosquito closely misses you.
You barely miss the vampire mosquito.
The vampire mosquito is heavily damaged.
The vampire mosquito bites you but does no damage.
You hit the vampire mosquito but do no damage.
The vampire mosquito is heavily damaged.
The vampire mosquito barely misses you.
The vampire mosquito bites you but does no damage.
You slash the vampire mosquito!
The vampire mosquito is almost destroyed.
The vampire mosquito barely misses you.
The vampire mosquito bites you but does no damage.
You miss the vampire mosquito.
The vampire mosquito is almost destroyed.
The vampire mosquito bites you.
You slash the vampire mosquito!
You destroy the vampire mosquito!
You hit the two-headed ogre but do no damage.
The two-headed ogre hits you with a +0 giant club!
The two-headed ogre hits you but does no damage.
12082 ||| READING scroll of teleportation.
As you read the scroll of teleportation, it crumbles to dust.
You feel strangely unstable.
You hit the two-headed ogre but do no damage.
The two-headed ogre hits you with a +0 giant club! x2
You die...

...##.# #. #.#
##..#.. ..#..#
##.##.#. #..# #..#...
...# ##.##.##...###
#).#.#....#.. #
#..#.#.##.#.######.+
#...#..##.#.#).....##
#...#.###.#.#@.......
#.#.....<..uO.....###
#.###########.###.#
#.# #.# # #.. ..# #.
#.# .. #.# #.# .#


You could see a brown ugly thing and a two-headed ogre.

Vanquished Creatures
  Harold (D:10)
  3 two-headed ogres
  An elephant (D:8)
  2 trolls (D:9)
  2 vampires (D:9)
  13 yaks
  A wyvern (D:8)
  Eustachio (D:5)
  A warg (D:9)
  2 vampire mosquitoes
  Duvessa (D:5)
  4 orc warriors
  8 black bears
  An ice beast (D:5)
  An ogre (D:7)
  5 centaurs
  2 bullfrogs
  2 kobold brigands (D:7)
  2 necrophages (D:5)
  A gnoll sergeant (D:10)
  3 scorpions
  8 wights
  Dowan (D:5)
  7 killer bees (D:9)
  5 howler monkeys
  A jelly (D:5)
  7 hounds
  6 orc priests
  5 iguanas
  8 orc wizards
  5 gnolls
  3 adders
  4 shadow imps
  2 white imps (D:4)
  3 worms
  10 dart slugs
  36 orcs
  5 ball pythons
  13 bats
  7 endoplasms
  4 giant cockroaches
  5 goblins
  11 hobgoblins
  5 jackals
  2 quokkas
  11 frilled lizards
  18 kobolds
  4 rats
253 creatures vanquished.

Vanquished Creatures (others)
  9 demonic plants (D:4)
  A fungus (D:8)
  7 plants (D:3)
17 creatures vanquished.

Grand Total: 270 creatures vanquished

Notes
Turn   | Place    | Note
-------+----------+-------------------------------------------
     0 | D:1      | qw the Gargoyle Fighter began the quest for the Orb.
     0 | D:1      | Reached XP level 1. HP: 14/14 MP: 1/1
     0 | D:1      | 0 ||| qw: Version: 0.2-a-10-g399e6c4
     0 | D:1      | 0 ||| qw: Game counter: 318
     0 | D:1      | 0 ||| qw: Always use a shield: true
     0 | D:1      | 0 ||| qw: God list: Okawaru
     0 | D:1      | 0 ||| qw: Allow faded altars: false
     0 | D:1      | 0 ||| qw: Do Orc after D:15 true
     0 | D:1      | 0 ||| qw: Do second Lair branch before Depths: true
     0 | D:1      | 0 ||| qw: Lair rune preference: random
     0 | D:1      | 0 ||| qw: Plans: Normal, Zot:1-4, God:TSO, Crypt, Tomb,
                  | Pan, Slime:5, Hells, Abyss, Orb
     0 | D:1      | 0 ||| PLANNING D:1-11
    35 | D:1      | Reached skill level 2 in Axes
   140 | D:1      | Reached XP level 2. HP: 19/19 MP: 2/2
   931 | D:1      | Reached skill level 3 in Axes
  1071 | D:1      | Reached XP level 3. HP: 23/23 MP: 3/3
  1127 | D:1      | 1127 ||| UPGRADING to +1 buckler of reflection.
  1137 | D:1      | 1137 ||| DROPPING +0 buckler.
  1138 | D:1      | 1138 ||| READING scroll labelled GOB MAQUSUKHECLAI.
  1139 | D:1      | 1139 ||| READING 2 scrolls labelled POANOE LEXTUTE.
  1140 | D:1      | 1140 ||| READING scroll labelled HISURI BUELODWU.
  1642 | D:2      | 1642 ||| Stepping ~*~*~tactically~*~*~ (stealth).
  1647 | D:2      | 1647 ||| Stepping ~*~*~tactically~*~*~ (hiding).
  1894 | D:2      | Found a faded altar of an unknown god.
  1996 | D:2      | Reached skill level 1 in Throwing
  2012 | D:2      | 2012 ||| Stepping ~*~*~tactically~*~*~ (stealth).
  2014 | D:2      | 2014 ||| Stepping ~*~*~tactically~*~*~ (stealth).
  2140 | D:2      | Reached XP level 4. HP: 22/28 MP: 4/4
  2259 | D:2      | 2259 ||| DROPPING +3 leather armour.
  2260 | D:2      | 2260 ||| READING scroll labelled LYETAL TEAM.
  2261 | D:2      | 2261 ||| READING scroll labelled PUBUMUSUYNG.
  2262 | D:2      | 2262 ||| READING scroll labelled GUTYZIB KEKU.
  2265 | D:2      | 2265 ||| DRINKING 2 golden potions.
  2295 | D:3      | 2295 ||| FLEEEEING.
  2296 | D:3      | 2296 ||| STAIRDANCE
  2349 | D:3      | 2349 ||| FLEEEEING.
  2350 | D:3      | 2350 ||| STAIRDANCE
  2414 | D:2      | 2414 ||| READING scroll labelled ABEUXOONOK.
  2427 | D:3      | 2427 ||| Stepping ~*~*~tactically~*~*~ (water).
  2434 | D:3      | Reached skill level 4 in Axes
  2551 | D:3      | 2551 ||| FLEEEEING.
  2552 | D:3      | 2552 ||| FLEEEEING.
  2553 | D:3      | 2553 ||| FLEEEEING.
  2555 | D:3      | 2555 ||| STAIRDANCE
  2636 | D:3      | 2636 ||| Stepping ~*~*~tactically~*~*~ (hiding).
  2877 | D:3      | 2877 ||| Stepping ~*~*~tactically~*~*~ (stealth).
  2920 | D:3      | Reached XP level 5. HP: 32/32 MP: 5/5
  2923 | D:3      | Found an ancient bone altar of Kikubaaqudgha.
  3074 | D:3      | Found a bloodstained altar of Trog.
  3297 | D:3      | 3297 ||| Stepping ~*~*~tactically~*~*~ (stealth).
  3299 | D:3      | 3299 ||| Stepping ~*~*~tactically~*~*~ (stealth).
  3352 | D:3      | 3352 ||| UPGRADING to amulet of guardian spirit.
  3357 | D:3      | 3357 ||| READING 2 scrolls of identify.
  3357 | D:3      | 3357 ||| IDENTIFYING glowing black potion
  3429 | D:4      | 3429 ||| Stepping ~*~*~tactically~*~*~ (hiding).
  3430 | D:4      | 3430 ||| Stepping ~*~*~tactically~*~*~ (hiding).
  3451 | D:4      | Reached skill level 5 in Axes
  3628 | D:4      | 3628 ||| DROPPING +0 club.
  3665 | D:4      | 3665 ||| Stepping ~*~*~tactically~*~*~ (stealth).
  3673 | D:4      | 3673 ||| FLEEEEING.
  3675 | D:4      | 3675 ||| STAIRDANCE
  3677 | D:3      | 3677 ||| FLEEEEING.
  3678 | D:3      | 3678 ||| FLEEEEING.
  3679 | D:3      | 3679 ||| FLEEEEING.
  3680 | D:3      | 3680 ||| FLEEEEING.
  3700 | D:3      | 3700 ||| FLEEEEING.
  3701 | D:3      | 3701 ||| FLEEEEING.
  3702 | D:3      | 3702 ||| STAIRDANCE
  3816 | D:4      | 3816 ||| STAIRDANCE
  3819 | D:3      | Reached XP level 6. HP: 34/38 MP: 6/6
  3863 | D:3      | 3863 ||| UPGRADING to +0 chain mail.
  3873 | D:3      | 3873 ||| DROPPING +0 scale mail.
  3878 | D:4      | 3878 ||| STAIRDANCE
  4070 | D:4      | 4070 ||| Stepping ~*~*~tactically~*~*~ (hiding).
  4238 | D:4      | Noticed a black bear
  4246 | D:4      | Killed a black bear
  4459 | D:4      | 4459 ||| Stepping ~*~*~tactically~*~*~ (stealth).
  4461 | D:4      | 4461 ||| Stepping ~*~*~tactically~*~*~ (hiding).
  4469 | D:4      | Noticed a black bear
  4472 | D:4      | Reached skill level 6 in Axes
  4480 | D:4      | Killed a black bear
  4481 | D:4      | Reached skill level 1 in Dodging
  4481 | D:4      | Reached XP level 7. HP: 39/43 MP: 5/7
  4523 | D:4      | 4523 ||| Stepping ~*~*~tactically~*~*~ (stealth).
  4620 | D:4      | 4620 ||| READING scroll of enchant weapon.
  4620 | D:4      | 4620 ||| ENCHANTING +1 war axe.
  4712 | D:5      | Entered Level 5 of the Dungeon
  4774 | D:5      | Found a staircase to the Ecumenical Temple.
  4867 | D:5      | Reached skill level 7 in Axes
  5085 | D:5      | 5085 ||| Stepping ~*~*~tactically~*~*~ (hiding).
  5095 | D:5      | Reached XP level 8. HP: 40/49 MP: 6/8
  5148 | D:5      | Found a snail-covered altar of Cheibriados.
  5717 | D:5      | Noticed Duvessa
  5717 | D:5      | Noticed Dowan
  5718 | D:5      | 5718 ||| Stepping ~*~*~tactically~*~*~ (hiding).
  5728 | D:5      | Killed Dowan
  5730 | D:5      | HP: 8/49 [Duvessa/+2 short sword of venom (15)]
  5731 | D:5      | 5731 ||| READING scroll of teleportation.
  5732 | D:5      | 5732 ||| DRINKING 2 potions of heal wounds.
  5936 | D:5      | Killed Duvessa
  6102 | D:5      | 6102 ||| READING scroll labelled ESURGH NECEECOT.
  6103 | D:5      | 6103 ||| DRINKING 2 fizzy grey potions.
  6104 | D:5      | 6104 ||| DRINKING 2 brown potions.
  6105 | D:5      | 6105 ||| READING 4 scrolls of identify.
  6105 | D:5      | 6105 ||| IDENTIFYING purple potion
  6106 | D:5      | 6106 ||| READING 3 scrolls of identify.
  6106 | D:5      | 6106 ||| IDENTIFYING bubbling dark potion
  6107 | D:5      | 6107 ||| DROPPING potion of degeneration.
  6108 | D:5      | 6108 ||| DROPPING potion of ambrosia.
  6109 | D:5      | 6109 ||| DROPPING potion of brilliance.
  6128 | D:6      | 6128 ||| STAIRDANCE
  6141 | D:5      | Reached skill level 8 in Axes
  6206 | D:6      | 6206 ||| STAIRDANCE
  6241 | D:6      | Reached skill level 6 in Fighting
  6340 | D:6      | 6340 ||| Stepping ~*~*~tactically~*~*~ (stealth).
  6644 | D:6      | 6644 ||| Stepping ~*~*~tactically~*~*~ (hiding).
  6716 | D:6      | Reached XP level 9. HP: 48/55 MP: 7/9
  6857 | D:6      | Noticed Eustachio
  6859 | D:6      | 6859 ||| Stepping ~*~*~tactically~*~*~ (stealth).
  6860 | D:6      | 6860 ||| Stepping ~*~*~tactically~*~*~ (stealth).
  6865 | D:6      | 6865 ||| Stepping ~*~*~tactically~*~*~ (stealth).
  6893 | D:6      | 6893 ||| FLEEEEING.
  6894 | D:6      | 6894 ||| FLEEEEING.
  6895 | D:6      | 6895 ||| FLEEEEING.
  6896 | D:6      | 6896 ||| FLEEEEING.
  6897 | D:6      | 6897 ||| FLEEEEING.
  6898 | D:6      | 6898 ||| FLEEEEING.
  6899 | D:6      | 6899 ||| FLEEEEING.
  6900 | D:6      | 6900 ||| FLEEEEING.
  6901 | D:6      | 6901 ||| FLEEEEING.
  6904 | D:6      | 6904 ||| FLEEEEING.
  6905 | D:6      | 6905 ||| FLEEEEING.
  6908 | D:6      | 6908 ||| FLEEEEING.
  6909 | D:6      | 6909 ||| FLEEEEING.
  6911 | D:6      | 6911 ||| FLEEEEING.
  6912 | D:6      | 6912 ||| FLEEEEING.
  6913 | D:6      | 6913 ||| FLEEEEING.
  6914 | D:6      | 6914 ||| FLEEEEING.
  6915 | D:6      | 6915 ||| FLEEEEING.
  6916 | D:6      | 6916 ||| FLEEEEING.
  6917 | D:6      | 6917 ||| FLEEEEING.
  6918 | D:6      | 6918 ||| STAIRDANCE
  6962 | D:5      | 6962 ||| UPGRADING to +0 pair of gloves.
  6967 | D:5      | 6967 ||| READING scroll of enchant armour.
  6967 | D:5      | 6967 ||| ENCHANTING +0 pair of gloves.
  6968 | D:5      | 6968 ||| READING scroll labelled DENGINE ZEEN.
  6969 | D:5      | 6969 ||| READING 4 scrolls of identify.
  6969 | D:5      | 6969 ||| IDENTIFYING fizzy silvery potion
  6982 | D:6      | 6982 ||| STAIRDANCE
  6988 | D:5      | Killed Eustachio
  7088 | D:6      | Found a hide-covered altar of Uskayaw.
  7144 | D:6      | Reached skill level 9 in Axes
  7411 | D:7      | 7411 ||| Stepping ~*~*~tactically~*~*~ (stealth).
  7414 | D:7      | 7414 ||| Stepping ~*~*~tactically~*~*~ (stealth).
  7415 | D:7      | 7415 ||| Stepping ~*~*~tactically~*~*~ (hiding).
  7506 | D:7      | 7506 ||| Stepping ~*~*~tactically~*~*~ (hiding).
  7572 | D:7      | 7572 ||| Stepping ~*~*~tactically~*~*~ (hiding).
  7573 | D:7      | 7573 ||| Stepping ~*~*~tactically~*~*~ (hiding).
  7673 | D:7      | 7673 ||| Stepping ~*~*~tactically~*~*~ (hiding).
  8522 | D:7      | 8522 ||| UPGRADING to +0 helmet.
  8527 | D:7      | 8527 ||| UPGRADING to +0 plate armour.
  8537 | D:7      | 8537 ||| DROPPING +0 chain mail.
  8538 | D:7      | 8538 ||| READING 3 scrolls of identify.
  8538 | D:7      | 8538 ||| IDENTIFYING sedimented blue potion
  8539 | D:7      | 8539 ||| DROPPING potion of magic.
  8551 | D:8      | Found a blossoming altar of Fedhas.
  8561 | D:8      | 8561 ||| DRINKING 3 potions of curing.
  8561 | D:8      | 8561 ||| (to cure confusion)
  8589 | D:8      | Found an ornate altar of the Wu Jian Council.
  8619 | D:8      | Noticed an elephant
  8638 | D:8      | Killed an elephant
  8645 | D:8      | Reached skill level 6 in Armour
  8645 | D:8      | HP: 12/57 [black bear (4)]
  8646 | D:8      | 8646 ||| READING scroll of teleportation.
  8647 | D:8      | 8647 ||| DRINKING potion of heal wounds.
  8763 | D:8      | 8763 ||| Stepping ~*~*~tactically~*~*~ (stealth).
  8768 | D:8      | 8768 ||| Stepping ~*~*~tactically~*~*~ (stealth).
  8774 | D:8      | Reached XP level 10. HP: 55/63 MP: 10/10
  8775 | D:8      | 8775 ||| Stepping ~*~*~tactically~*~*~ (stealth).
  8787 | D:8      | Reached skill level 10 in Axes
  8790 | D:8      | 8790 ||| Stepping ~*~*~tactically~*~*~ (stealth).
  8791 | D:8      | 8791 ||| Stepping ~*~*~tactically~*~*~ (stealth).
  8792 | D:8      | 8792 ||| Stepping ~*~*~tactically~*~*~ (stealth).
  8798 | D:8      | 8798 ||| Stepping ~*~*~tactically~*~*~ (stealth).
  8799 | D:8      | 8799 ||| Stepping ~*~*~tactically~*~*~ (stealth).
  8800 | D:8      | 8800 ||| FLEEEEING.
  8801 | D:8      | 8801 ||| FLEEEEING.
  8802 | D:8      | 8802 ||| FLEEEEING.
  8803 | D:8      | 8803 ||| STAIRDANCE
  8860 | D:8      | 8860 ||| STAIRDANCE
  8889 | D:7      | 8889 ||| UPGRADING to ring of protection from cold.
  8893 | D:8      | 8893 ||| STAIRDANCE
  8970 | D:8      | 8970 ||| DROPPING +0 whip.
  8974 | D:8      | 8974 ||| Stepping ~*~*~tactically~*~*~ (stealth).
  9120 | D:8      | Found a staircase to the Lair.
  9172 | D:8      | Found a basalt altar of Yredelemnul.
  9342 | D:8      | 9342 ||| READING 4 scrolls of identify.
  9342 | D:8      | 9342 ||| IDENTIFYING bubbling purple potion
  9380 | D:9      | 9380 ||| Stepping ~*~*~tactically~*~*~ (stealth).
  9382 | D:9      | 9382 ||| Stepping ~*~*~tactically~*~*~ (stealth).
  9398 | D:9      | Noticed a two-headed ogre
  9410 | D:9      | 9410 ||| FLEEEEING.
  9411 | D:9      | 9411 ||| FLEEEEING.
  9418 | D:9      | HP: 16/64 [killer bee (1)]
  9419 | D:9      | 9419 ||| DRINKING potion of heal wounds.
  9423 | D:9      | Killed a two-headed ogre
  9437 | D:9      | 9437 ||| FLEEEEING.
  9438 | D:9      | 9438 ||| FLEEEEING.
  9439 | D:9      | 9439 ||| FLEEEEING.
  9440 | D:9      | 9440 ||| FLEEEEING.
  9441 | D:9      | 9441 ||| FLEEEEING.
  9442 | D:9      | 9442 ||| FLEEEEING.
  9443 | D:9      | 9443 ||| FLEEEEING.
  9444 | D:9      | 9444 ||| FLEEEEING.
  9445 | D:9      | 9445 ||| FLEEEEING.
  9446 | D:9      | 9446 ||| FLEEEEING.
  9449 | D:9      | 9449 ||| STAIRDANCE
  9853 | D:9      | 9853 ||| Stepping ~*~*~tactically~*~*~ (stealth).
  9856 | D:9      | 9856 ||| Stepping ~*~*~tactically~*~*~ (stealth).
  9857 | D:9      | 9857 ||| Stepping ~*~*~tactically~*~*~ (stealth).
  9859 | D:9      | 9859 ||| Stepping ~*~*~tactically~*~*~ (stealth).
  9861 | D:9      | 9861 ||| Stepping ~*~*~tactically~*~*~ (stealth).
  9863 | D:9      | 9863 ||| Stepping ~*~*~tactically~*~*~ (stealth).
 10001 | D:9      | Found a staircase to the Orcish Mines.
 10009 | D:9      | 10009 ||| Stepping ~*~*~tactically~*~*~ (stealth).
 10035 | D:9      | Reached skill level 11 in Axes
 10226 | D:9      | 10226 ||| Stepping ~*~*~tactically~*~*~ (stealth).
 10228 | D:9      | 10228 ||| Stepping ~*~*~tactically~*~*~ (hiding).
 10330 | D:9      | 10330 ||| DROPPING +1 flail of protection.
 10401 | D:9      | Found a shimmering blue altar of Sif Muna.
 10597 | D:9      | Reached skill level 9 in Fighting
 10597 | D:9      | Reached XP level 11. HP: 66/71 MP: 11/11
 10961 | D:9      | 10961 ||| READING scroll labelled BIFEN TEREOXT.
 11056 | D:10     | Entered Level 10 of the Dungeon
 11059 | D:10     | Noticed a two-headed ogre
 11060 | D:10     | 11060 ||| Stepping ~*~*~tactically~*~*~ (stealth).
 11069 | D:10     | Killed a two-headed ogre
 11208 | D:10     | Noticed a two-headed ogre
 11210 | D:10     | 11210 ||| Stepping ~*~*~tactically~*~*~ (stealth).
 11216 | D:10     | Killed a two-headed ogre
 11225 | D:10     | 11225 ||| FLEEEEING.
 11226 | D:10     | 11226 ||| FLEEEEING.
 11227 | D:10     | 11227 ||| FLEEEEING.
 11228 | D:10     | 11228 ||| FLEEEEING.
 11229 | D:10     | 11229 ||| STAIRDANCE
 11414 | D:10     | 11414 ||| STAIRDANCE
 11447 | D:10     | 11447 ||| STAIRDANCE
 11508 | D:10     | 11508 ||| STAIRDANCE
 11516 | D:10     | 11516 ||| STAIRDANCE
 11559 | D:10     | 11559 ||| STAIRDANCE
 11583 | D:10     | 11583 ||| STAIRDANCE
 11590 | D:10     | 11590 ||| STAIRDANCE
 11595 | D:10     | 11595 ||| STAIRDANCE
 11607 | D:9      | Reached skill level 12 in Axes
 11663 | D:9      | 11663 ||| FLEEEEING.
 11665 | D:9      | 11665 ||| STAIRDANCE
 11746 | D:10     | 11746 ||| STAIRDANCE
 11784 | D:10     | 11784 ||| STAIRDANCE
 11809 | D:10     | Reached skill level 6 in Shields
 11809 | D:10     | 11809 ||| Stepping ~*~*~tactically~*~*~ (stealth).
 11956 | D:10     | 11956 ||| Stepping ~*~*~tactically~*~*~ (stealth).
 11977 | D:10     | 11977 ||| Stepping ~*~*~tactically~*~*~ (hiding).
 12023 | D:10     | 12023 ||| DRINKING 2 potions of curing.
 12023 | D:10     | 12023 ||| (to cure confusion)
 12044 | D:10     | Noticed Harold
 12060 | D:10     | Killed Harold
 12061 | D:10     | Reached skill level 9 in Armour
 12067 | D:10     | Noticed a two-headed ogre
 12071 | D:10     | Noticed a brown ugly thing
 12081 | D:10     | HP: 16/71 [two-headed ogre/+0 giant club (14)]
 12082 | D:10     | 12082 ||| READING scroll of teleportation.
 12083 | D:10     | Slain by a two-headed ogre

Levels and vault maps discovered:
D:1:      tarquinn_simple_flora_water_e, layout_basic, glass_columns_b
D:2:      layout_loops_cross, shapermc_ecumenical_altar_hornbeckon,
          fountainhead, minmay_pentomino_p4
D:3:      kennysheep_slugbush, layout_loops_cross, lightli_temple_of_fire,
          mainiacjoe_overflow_catwalk, kennysheep_big_empty_room,
          minmay_lizard_king
D:4:      layout_loops_cross, serial_demonic, serial_demonic_e,
          serial_demonic_e, serial_demonic_b, serial_demonic_f
D:5:      layout_loops_ring, kennysheep_mini_moat, temple_doors_e,
          minmay_between, uniq_duvessa
D:6:      layout_basic, nicolae_uskayaw_dance_hall, minmay_door_square,
          uniq_eustachio
D:7:      layout_basic
D:8:      layout_rooms, mainiacjoe_overflow_tiny_flanked, fedhas_altar_3,
          mainiacjoe_overflow_24_doors, david_lair_generic
D:9:      layout_basic, kennysheep_orc_sif_temple, david_orc_3
D:10:     minmay_the_grid_four_pointed_star
          [minmay_the_grid_triangle_9x9_longest,
          minmay_the_grid_triangle_9x9_steps,
          minmay_the_grid_triangle_9x9_alien,
          minmay_the_grid_triangle_9x9_dagger,
          minmay_the_grid_prize_shrinking_boxes], layout_loops_ring,
          serial_shops, nicolae_shop_hallway_plus, roderic_batcave, uniq_harold,
          uniq_psyche, uniq_sonja

Skill      XL: |  1  2  3  4  5  6  7  8  9 10 11 |
---------------+----------------------------------+-----
Axes           | 2 3 4 5 6 7 8 9 11 12 | 12.0
Throwing       | 1 2 |  2.4
Fighting       | 4 5 6 7 9 |  9.1
Dodging        | 1 2 |  2.0
Armour         | 6 7 9 |  9.2
Shields        | 4 5 6 |  6.0

Action                   |  1- 3 |  4- 6 |  7- 9 | 10-12 || total
-------------------------+-------+-------+-------+-------++-------
Melee: War axe           |   128 |   140 |   260 |   373 ||   901
Throw: Javelin           |    10 |    23 |    27 |       ||    60
       Boomerang         |       |    10 |    60 |    44 ||   114
  Use: Scroll            |     3 |     5 |    10 |     3 ||    21
       Potion            |       |     1 |     5 |     2 ||     8
Armor: Scale mail        |    48 |    63 |       |       ||   111
       Chain mail        |       |    20 |   139 |       ||   159
       Plate armour      |       |       |    38 |   278 ||   316
Dodge: Dodged            |    57 |    61 |    79 |   108 ||   305
Block: Buckler           |    19 |    35 |    82 |    97 ||   233
       Reflection        |       |     4 |     4 |     3 ||    11

Table legend:
 A = Non-vault XP
 B = Vault XP
 C = Vault XP percentage of total XP
 D = Non-vault monster count
 E = Vault monster count
 F = Vault count percentage of total count
                 A         B        C        D         E       F
            +---------+---------+-------+---------+---------+-------
      Total |    9606 |    5099 |  34.7 |     198 |      55 |  21.7
            +---------+---------+-------+---------+---------+-------
        D:1 |      34 |       0 |   0.0 |      19 |       0 |   0.0
        D:2 |      41 |       8 |  16.3 |      21 |       3 |  12.5
        D:3 |      77 |      37 |  32.5 |      26 |      16 |  38.1
        D:4 |     439 |      53 |  10.8 |      19 |       5 |  20.8
        D:5 |     793 |     628 |  44.2 |      13 |       6 |  31.6
        D:6 |     695 |       0 |   0.0 |      10 |       0 |   0.0
        D:7 |     873 |       0 |   0.0 |      28 |       0 |   0.0
        D:8 |     960 |     947 |  49.7 |      22 |       4 |  15.4
        D:9 |    4144 |    1404 |  25.3 |      32 |      16 |  33.3
       D:10 |    1550 |    2022 |  56.6 |       8 |       5 |  38.5
            +---------+---------+-------+---------+---------+-------
